 Dungeon Crawl Stone Soup version 0.30-a0-778-g2ef04afb54 (webtiles) character file.

Game seed: 9823038860113636811

393 Esekla the Covert (level 6, -7/43 HPs)
             Began as an Octopode Delver on Feb 15, 2023.
             Was an Initiate of Gozag.
             Killed from afar by Ijyb (19 damage)
             ... with a bolt of dispelling energy
             ... on level 4 of the Dungeon.
             The game lasted 00:27:06 (4527 turns).

Esekla the Covert (Octopode Delver)                 Turns: 4527, Time: 00:27:07

Health: -7/43      AC:  1    Str: 12    XL:     6   Next: 81%
Magic:  18/18      EV: 14    Int: 14    God:    Gozag
Gold:   844        SH:  0    Dex: 13    Spells: 5/9 levels left

rFire   . . .      SeeInvis .    a - +0 falchion
rCold   . . .      Faith    .    (no shield)
rNeg    . . .      Spirit   .    (helmet restricted)
rPois   .          Reflect  .    (no amulet)
rElec   .          Harm     .    i - ring of magical power
rCorr   .          Rampage  .    (no ring)
Will    .....                    (no ring)
Stlth   +++++                    (no ring)
HPRegen 0.27/turn                (no ring)
MPRegen 0.16/turn                (no ring)
                                 (no ring)
                                 (no ring)

@: gold aura
A: almost no armour, amphibious, 8 rings, camouflage 1, gelatinous body 1,
(nimble swimmer 1), tentacles
a: Renounce Religion, Potion Petition, Call Merchant, Bribe Branch


You were on level 4 of the Dungeon.
You worshipped Gozag.
Gozag was pleased with you.
You visited 1 branch of the dungeon, and saw 5 of its levels.

You collected 856 gold pieces.
You paid 12 gold pieces to Gozag.

Inventory:

Hand Weapons
 a - a +0 falchion (weapon)
 r - a +0 trident
 s - a +0 dagger
Jewellery
 i - a ring of magical power (left tentacle)
Wands
 f - a wand of digging (3)
Scrolls
 b - a scroll of fog
 e - 2 scrolls of enchant weapon {unknown}
 g - 8 scrolls of identify {unknown}
 h - a scroll of immolation {unknown}
 j - a scroll of magic mapping
 m - a scroll of fear
 p - a scroll of enchant armour {unknown}
 q - a scroll of poison {unknown}
 v - a scroll of teleportation {unknown}
 w - a scroll of blinking {unknown}
 x - a scroll of vulnerability {unknown}
Potions
 c - 3 potions of degeneration {unknown}
 d - 2 potions of heal wounds {unknown}
 k - a potion of cancellation {unknown}
 l - 2 potions of haste
 n - a potion of flight {unknown}
 o - a potion of magic {unknown}
 t - 2 potions of curing {unknown}
 u - a potion of might {unknown}
 z - a potion of attraction {unknown}


   Skills:
 * Level 4.1 Fighting
 + Level 0.1(1.8) Short Blades
 * Level 3.1 Long Blades
 * Level 3.1 Dodging
 + Level 8.7 Stealth
 * Level 2.2 Spellcasting
 + Level 0.3 Translocations
 * Level 0.3 Ice Magic


You had 5 spell levels left.
You knew the following spells:

 Your Spells              Type           Power      Damage    Failure   Level
p - Apportation           Tloc           4%         N/A       21%         1
r - Frozen Ramparts       Ice            4%         1d1       52%         3

Your spell library contained the following spells:

 Spells                   Type           Power      Damage    Failure   Level
 Freeze                   Ice            8%         1d3       21%         1
 Necrotise                Necr           4%         1d4       24%         1
 Summon Small Mammal      Summ           4%         N/A       24%         1
 Hailstorm                Conj/Ice       2%         3d3       54%         3
 Stone Arrow              Conj/Erth      2%         3d7       56%         3
 Borgnjor's Vile Clutch   Necr/Erth      0%         N/A       100%        5
 Death Channel            Necr           0%         N/A       100%        6
 Lehudib's Crystal Spear  Conj/Erth      0%         10d2      100%        8
 Animate Armour           Summ/Erth      Unusable   N/A       N/A         4
 Animate Dead             Necr           Unusable   N/A       N/A         4

Dungeon Overview and Level Annotations

Branches:
Dungeon (5/15)
 Temple: D:4-7

Altars:
Gozag

Annotations:
D:4 Ijyb


Innate Abilities, Weirdness & Mutations

You cannot wear most types of armour.
You are amphibious.
You can wear up to eight rings at the same time.
Your skin changes colour to match your surroundings (Stealth+).
Your rubbery body absorbs attacks. (AC +1, EV +1)
((You are camouflaged when in or above water. (Stealth+)))
You have tentacles for arms and can constrict up to eight enemies at once.


Message History

Apport: 16 gold pieces Yoink!
You pull the items towards yourself.
Casting: Apportation (safe; 21% risk of failure)
Confirm with . or Enter, or press ? or * to list all spells.
Aiming: Apportation (safe; 21% risk of failure)
Press: ? - help, Dir - move target Apport: 7 gold pieces Yoink!
You pull the items towards yourself.
You now have 838 gold pieces (gained 23).
Things that are here:
a +0 club; a +0 dagger; a +0 dagger
Things that are here:
a +0 dagger; a +0 war axe A goblin is nearby!
You catch the helpless goblin completely off-guard!
You hit the goblin.
You kill the goblin!
Ijyb is distracted by your dazzling golden aura.
Things that are here:
6 gold pieces; a +0 dagger You now have 844 gold pieces (gained 6).
Ijyb shouts!
There is an open door here.
You start waiting.
A goblin is nearby!
The goblin hits you but does no damage.
Ijyb zaps a wand.
The bolt of dispelling energy hits the goblin!
The goblin dies!
The bolt of dispelling energy hits you!!
Ijyb zaps a wand.
The bolt of dispelling energy hits you!
There is an open door, spattered with blood here.
Things that are here:
8 gold pieces; a +0 dagger You hit Ijyb but do no damage.
You grab Ijyb. You constrict Ijyb, but do no damage.
Ijyb hits you with a +0 dagger.
* * * LOW HITPOINT WARNING * * *
Ijyb zaps a wand.
The bolt of dispelling energy hits you!!
You die...
Your body crumbles into a pile of gold.

#........................
########.................
#.###.)......>.... #.#
#.)<..........
####'###.)....)......
#.....)........#'##..
######........#####.#.....
#.......g.....# #.#.....
#.......#@##### #.#.....
#...g...#.# #.#.....
#8..g..8#.# #.#.....
#.......#.# #.#.....
#8....g8#.# #.#.....
#..g....#.# #.#.....
#8...g.8#.# #.#.....
#.....g.#.#########.#.....
#8.g...8#...........#.....


You could see Ijyb.

Vanquished Creatures
  2 necrophages
  An iguana (D:4)
  6 adders
  7 gnolls
  2 ufetubi
  5 dart slugs
  8 orcs
  9 endoplasms
  3 giant cockroaches
  11 goblins
  4 hobgoblins
  2 jackals (D:4)
  10 kobolds
  4 quokkas
  8 ball pythons
  A bat (D:1)
  6 frilled lizards
  8 rats
97 creatures vanquished.

Vanquished Creatures (others)
  A goblin (D:4)
1 creature vanquished.

Grand Total: 98 creatures vanquished

Notes
Turn   | Place    | Note
-------+----------+-------------------------------------------
     0 | D:5      | Esekla the Octopode Delver began the quest for the Orb.
     0 | D:5      | Reached XP level 1. HP: 16/16 MP: 1/1
    19 | D:5      | Noticed a hound
    54 | D:5      | Noticed an ice beast
    90 | D:5      | Noticed an iguana
    93 | D:5      | Noticed a necrophage
   124 | D:5      | Killed a necrophage
   125 | D:5      | Reached skill level 7 in Stealth
   125 | D:5      | Reached skill level 1 in Spellcasting
   125 | D:5      | Reached XP level 2. HP: 7/21 MP: 1/3
   125 | D:5      | Reached XP level 3. HP: 9/26 MP: 1/4
   125 | D:5      | Reached XP level 4. HP: 11/31 MP: 1/5
   173 | D:5      | Noticed an ogre
   256 | D:5      | Found an opulent altar of Gozag.
   261 | D:5      | Noticed a necrophage
   261 | D:5      | Noticed an ogre
   265 | D:5      | Became a worshipper of Gozag Ym Sagoz the Greedy
   443 | D:4      | Killed a necrophage
   444 | D:4      | Reached skill level 8 in Stealth
   444 | D:4      | Reached XP level 5. HP: 22/36 MP: 5/7
   878 | D:3      | Identified the +0 war axe of Wyrd {heavy, Dex+2}
  1256 | D:2      | Reached XP level 6. HP: 43/43 MP: 8/8
  1332 | D:2      | Learned a level 1 spell: Apportation
  1698 | D:1      | Learned a level 3 spell: Frozen Ramparts
  4047 | D:4      | Identified the +0 leather armour of Zyuppeeq {rC- Str+5
                  | Stlth+}
  4484 | D:4      | Noticed Ijyb
  4527 | D:4      | Killed from afar by Ijyb

Illustrated notes

Levels and vault maps discovered:
D:1:      elethiomel_arrival_maze, layout_basic, serial_bayou_crossing
D:2:      layout_basic, serial_corexii_hall, corexii_hall_statues_x,
          chequers_hall_statues_wall_a
D:3:      layout_loops_cross
D:4:      kennysheep_the_goblin_king, layout_basic
D:5:      layout_basic, lightli_temple_of_fire, mainiacjoe_overflow_catwalk

Skill      XL: |  1  2  3  4  5  6 |
---------------+-------------------+-----
Stealth        | 7 8 |  8.7
Spellcasting   | 1 2 |  2.2
Long Blades    | 3 |  3.1
Fighting       | 4 |  4.1
Dodging        | 3 |  3.1
Short Blades   | |  0.1
Translocations | |  0.3
Ice Magic      | |  0.3

Action                     |  1- 3 |  4- 6 || total
---------------------------+-------+-------++-------
  Melee: Falchion          |    13 |   107 ||   120
         Tentacles         |     3 |    28 ||    31
         Constrict         |     2 |    39 ||    41
         Punch             |       |     2 ||     2
         Dagger            |       |    45 ||    45
   Cast: Apportation       |       |    39 ||    39
         Frozen Ramparts   |       |     1 ||     1
    Use: Scroll            |     2 |       ||     2
         Potion            |       |     1 ||     1
   Stab: Distracted        |       |     5 ||     5
         Sleeping          |       |    37 ||    37
 Armour: Skin              |     2 |     7 ||     9
  Dodge: Dodged            |    14 |    62 ||    76

Table legend: (Time is in decaauts)
 A = Elapsed time spent in this place.
 B = Non-inter-level travel time spent in this place.
 C = Inter-level travel time spent in this place.
 D = Time resting spent in this place.
 E = Time spent auto-exploring this place.
 F = Levels seen in this place.
 G = Mean time per level.
                   A        B        C        D        E       F      G
               +--------+--------+--------+--------+--------+-----+--------+
         Total |   4513 |   4238 |    275 |    530 |   1492 |   5 |  902.6 |
       Dungeon |   4513 |   4238 |    275 |    530 |   1492 |   5 |  902.6 |
               +--------+--------+--------+--------+--------+-----+--------+

Top non-repeatable levels by time:
     D:3: 1084 daAuts
     D:1: 1077 daAuts
     D:4: 1041 daAuts
     D:2: 1026 daAuts
     D:5: 283 daAuts
